 Dungeon Crawl Stone Soup version 0.25-a0-558-g78a2afb0af (webtiles) character file.

Game seed: 11261490509577795598, levelgen mode: deterministic

1905 RedPan the Skirmisher (level 9, -17/73 HPs)
             Began as a Gnoll Wanderer on Feb 24, 2020.
             Was an Initiate of Gozag.
             Demolished by an ogre
             ... wielding a +0 giant spiked club
              (26 damage)
             ... on level 7 of the Dungeon.
             The game lasted 00:10:16 (4670 turns).

RedPan the Skirmisher (Gnoll Wanderer)              Turns: 4670, Time: 00:10:21

Health: -17/73     AC: 13    Str: 16    XL:     9   Next: 16%
Magic:  14/14      EV:  8    Int: 13    God:    Gozag
Gold:   751        SH:  0    Dex: 18    Spells: 15/15 levels left

rFire    . . .     SeeInvis .   n - +3 war axe
rCold    + . .     Gourm    .   (no shield)
rNeg     . . .     Faith    .   g - +0 plate armour
rPois    .         Spirit   .   e - +0 helmet
rElec    .         Reflect  .   (no cloak)
rCorr    .         Harm     .   (no gloves)
MR       .....                  (no boots)
Stlth    ..........             (no amulet)
HPRegen  0.22/turn              j - ring of protection from cold (curse)
MPRegen  0.14/turn              k - +1 ring of evasion

@: no status effects
A: distributed training, fangs 1, strong nose
a: Potion Petition, Call Merchant, Bribe Branch, Renounce Religion


You were on level 7 of the Dungeon.
You worshipped Gozag.
Gozag was pleased with you.
You were hungry.

You visited 1 branch of the dungeon, and saw 7 of its levels.
You also visited: Sewer.

You collected 868 gold pieces.
You spent 110 gold pieces at shops.
You paid 7 gold pieces to Gozag.

Inventory:

Hand Weapons
 a - a +2 mace
 n - a +3 war axe (weapon)
Missiles
 h - 15 poisoned darts (quivered)
Armour
 e - a +0 helmet (worn)
 g - a +0 plate armour (worn)
Jewellery
 j - a cursed ring of protection from cold (left hand)
 k - a +1 ring of evasion (right hand)
Wands
 d - a wand of clouds (5)
Scrolls
 i - 2 scrolls of remove curse
 m - 2 scrolls of magic mapping
 t - a scroll of fear
Potions
 b - 4 potions of curing
 c - 2 potions of lignification
 l - a potion of haste
 o - a potion of might {unknown}
 p - 2 potions of brilliance
 s - a potion of invisibility
 u - a potion of mutation
Comestibles
 f - 8 rations


   Skills:
 + Level 7.7 Fighting
 + Level 3.9 Short Blades
 + Level 3.9 Long Blades
 + Level 3.9 Axes
 + Level 6.1 Maces & Flails
 + Level 3.9 Polearms
 + Level 3.9 Staves
 + Level 3.9 Slings
 + Level 3.9 Bows
 + Level 3.9 Crossbows
 + Level 4.7 Throwing
 + Level 4.7 Armour
 + Level 4.7 Dodging
 + Level 4.6 Stealth
 + Level 3.9 Shields
 + Level 3.9 Unarmed Combat
 + Level 3.9 Spellcasting
 + Level 3.2 Conjurations
 + Level 3.2 Hexes
 + Level 3.2 Charms
 + Level 3.2 Summonings
 + Level 3.2 Necromancy
 + Level 3.2 Translocations
 + Level 3.2 Transmutations
 + Level 3.2 Fire Magic
 + Level 3.2 Ice Magic
 + Level 3.2 Air Magic
 + Level 3.2 Earth Magic
 + Level 3.2 Poison Magic
 + Level 4.3 Invocations
 + Level 4.7 Evocations


You had 15 spell levels left.
You didn't know any spells.
Your spell library contained the following spells:

 Spells                   Type           Power        Failure   Level  Hunger
 Animate Skeleton         Necr           N/A          96%         1    None
 Pain                     Necr           ##..         96%         1    None
 Vampiric Draining        Necr           ##........   100%        3    ###....
 Animate Dead             Necr           N/A          100%        4    ####...
 Agony                    Necr           ##......     100%        5    ######.


Dungeon Overview and Level Annotations

Branches:
Dungeon (7/15)              Sewer (visited)
 Temple: D:4-7

Altars:
Dithmenos
Fedhas
Gozag
Nemelex Xobeh
Okawaru
Yredelemnul

Shops:
D:5 %


Innate Abilities, Weirdness & Mutations

Your experience applies equally to all skills.
You have very sharp teeth.
Your uncanny sense of smell can sniff out nearby items.


Message History

The ogre is severely wounded.
The ogre hits you with a +0 giant spiked club!
Your plate armour prevents you from hitting the ogre.
You bite the ogre, but do no damage.
The ogre is severely wounded.
The ogre barely misses you.
You hit the ogre.
The ogre is severely wounded.
The ogre hits you with a +0 giant spiked club!!
Your plate armour prevents you from hitting the ogre.
The ogre is severely wounded.
The ogre hits you with a +0 giant spiked club!
* * * LOW HITPOINT WARNING * * *
Your plate armour prevents you from hitting the ogre.
The ogre is severely wounded.
You hit the leopard gecko skeleton.
The leopard gecko skeleton bites you but does no damage.
The ogre hits you with a +0 giant spiked club!!
You die...
Your body crumbles into a pile of gold.

#.## #..# .# ##.# ### .#
#.###.# .# ##.##.# .##
#.#..# ..# ##...# #..#
#...# ####O.# ##..#
#..@Z.## #.## #......# ##
#..## #......# .## ##..#
#......# ..## #..##
###......## ...####..#
#.........#
.........###.#######.# #
.>..#####..#.##...##.######
## #####
###..#.....#......######.


You could see an ogre and a leopard gecko skeleton.

Vanquished Creatures
  Sigmund (D:2)
  A water moccasin (D:7)
  Purgy (Sewer)
  A sky beast (D:5)
  3 ice beasts
  A phantom (D:5)
  3 ogres
  A bullfrog (D:6)
  3 scorpions
  A bullfrog zombie (D:5)
  2 crimson imps
  A centaur zombie (D:6)
  2 orc priests (D:5)
  A hound (D:4)
  3 orc wizards
  2 worker ants
  A killer bee zombie (D:6)
  A hound zombie (D:7)
  3 gnolls (D:4)
  6 adders
  A river rat (D:5)
  3 oozes
  An adder skeleton (D:5)
  3 worms
  4 dart slugs
  5 leopard geckos
  18 orcs
  8 giant cockroaches
  9 goblins
  8 hobgoblins
  3 jackals (D:7)
  12 kobolds
  4 quokkas
  3 ball pythons (D:5)
  12 bats
  6 frilled lizards
  A quokka skeleton (D:6)
  11 rats
150 creatures vanquished.

Notes
Turn   | Place    | Note
-------+----------+-------------------------------------------
     0 | D:1      | RedPan the Gnoll Wanderer began the quest for the Orb.
     0 | D:1      | RedPan set off with the following items: a +2 mace, a
                  | potion of curing, a potion of lignification, a +0 robe, a
                  | ration
     0 | D:1      | Reached XP level 1. HP: 23/23 MP: 2/2
    76 | D:1      | Reached XP level 2. HP: 28/29 MP: 3/3
   375 | D:1      | Reached XP level 3. HP: 35/35 MP: 4/4
   903 | D:2      | Reached skill level 1 in Invocations
  1057 | D:2      | Reached skill level 1 in Short Blades
  1057 | D:2      | Reached skill level 1 in Long Blades
  1057 | D:2      | Reached skill level 1 in Axes
  1057 | D:2      | Reached skill level 1 in Polearms
  1057 | D:2      | Reached skill level 1 in Staves
  1057 | D:2      | Reached skill level 1 in Slings
  1057 | D:2      | Reached skill level 1 in Bows
  1057 | D:2      | Reached skill level 1 in Crossbows
  1057 | D:2      | Reached skill level 1 in Shields
  1057 | D:2      | Reached skill level 1 in Unarmed Combat
  1057 | D:2      | Reached skill level 1 in Spellcasting
  1072 | D:2      | Reached XP level 4. HP: 35/41 MP: 6/6
  1083 | D:2      | Found an opulent altar of Gozag.
  1197 | D:2      | Became a worshipper of Gozag Ym Sagoz the Greedy
  1283 | D:2      | You fall into a shaft and drop 2 floors!
  1288 | D:4      | Reached skill level 1 in Conjurations
  1288 | D:4      | Reached skill level 1 in Hexes
  1288 | D:4      | Reached skill level 1 in Charms
  1288 | D:4      | Reached skill level 1 in Summonings
  1288 | D:4      | Reached skill level 1 in Necromancy
  1288 | D:4      | Reached skill level 1 in Translocations
  1288 | D:4      | Reached skill level 1 in Transmutations
  1288 | D:4      | Reached skill level 1 in Fire Magic
  1288 | D:4      | Reached skill level 1 in Ice Magic
  1288 | D:4      | Reached skill level 1 in Air Magic
  1288 | D:4      | Reached skill level 1 in Earth Magic
  1288 | D:4      | Reached skill level 1 in Poison Magic
  1313 | D:4      | Reached XP level 5. HP: 36/47 MP: 7/7
  1351 | D:4      | Found a shadowy altar of Dithmenos.
  1373 | D:4      | Found an iron altar of Okawaru.
  1373 | D:4      | Found a basalt altar of Yredelemnul.
  1374 | D:4      | Found a sparkling altar of Nemelex Xobeh.
  1376 | D:4      | Found a blossoming altar of Fedhas.
  1847 | D:2      | Noticed Sigmund
  1868 | D:2      | Killed Sigmund
  1868 | D:2      | Reached skill level 5 in Maces & Flails
  1868 | D:2      | Reached XP level 6. HP: 40/53 MP: 7/9
  2174 | D:3      | You fall into a shaft and drop 3 floors!
  2271 | D:6      | Reached XP level 7. HP: 15/59 MP: 10/10
  2412 | D:6      | Reached skill level 7 in Fighting
  2635 | D:5      | Entered Level 5 of the Dungeon
  2754 | D:5      | Found Jennih's Food Shop.
  2799 | D:5      | Reached XP level 8. HP: 50/67 MP: 12/12
  2902 | D:5      | Bought a ration for 55 gold pieces
  2902 | D:5      | Bought a ration for 55 gold pieces
  3053 | D:5      | Found a glowing drain.
  3076 | Sewer    | Entered a sewer
  3316 | Sewer    | Noticed Purgy
  3332 | Sewer    | Killed Purgy
  4081 | D:7      | Reached XP level 9. HP: 25/72 MP: 14/14
  4670 | D:7      | Demolished by an ogre

Levels and vault maps discovered:
D:1:      lemuel_arrival_funnel, layout_basic
D:2:      layout_rooms, grunt_gozag_breadcrumbs, serial_corexii_hall,
          chequers_hall_statues_y, corexii_hall_statues_deadend, uniq_sigmund
D:3:      layout_loops_ring, first_ration
D:4:      layout_loops_ring, grunt_temple_overflow_lords_of_destruction,
          nicolae_overflow_hidden_temple, minitemple
D:5:      layout_basic, portal_sewer_entry_a, serial_shops,
          nicolae_shop_temple_entry_statues_fountains
D:6:      layout_basic
D:7:      layout_cave_pods, tso_altar, temple_doors_ab,
          minmay_misc_feat_enclosed

Skill      XL: |  1  2  3  4  5  6  7  8 |
---------------+-------------------------+-----
Invocations    | 1 2 3 4 |  4.3
Short Blades   | 1 2 3 |  3.9
Long Blades    | 1 2 3 |  3.9
Axes           | 1 2 3 |  3.9
Polearms       | 1 2 3 |  3.9
Staves         | 1 2 3 |  3.9
Slings         | 1 2 3 |  3.9
Bows           | 1 2 3 |  3.9
Crossbows      | 1 2 3 |  3.9
Shields        | 1 2 3 |  3.9
Unarmed Combat | 1 2 3 |  3.9
Spellcasting   | 1 2 3 |  3.9
Conjurations   | 1 2 3 |  3.2
Hexes          | 1 2 3 |  3.2
Charms         | 1 2 3 |  3.2
Summonings     | 1 2 3 |  3.2
Necromancy     | 1 2 3 |  3.2
Translocations | 1 2 3 |  3.2
Transmutations | 1 2 3 |  3.2
Fire Magic     | 1 2 3 |  3.2
Ice Magic      | 1 2 3 |  3.2
Air Magic      | 1 2 3 |  3.2
Earth Magic    | 1 2 3 |  3.2
Poison Magic   | 1 2 3 |  3.2
Throwing       | 3 4 |  4.7
Armour         | 3 4 |  4.7
Dodging        | 3 4 |  4.7
Evocations     | 3 4 |  4.7
Maces & Flails | 5 6 |  6.1
Stealth        | 3 4 |  4.6
Fighting       | 7 |  7.7

Action                   |  1- 3 |  4- 6 |  7- 9 || total
-------------------------+-------+-------+-------++-------
Melee: Mace              |    97 |   144 |       ||   241
       Bite              |    12 |    23 |    26 ||    61
       War axe           |       |     9 |   248 ||   257
       Punch             |       |     1 |     1 ||     2
  Use: Scroll            |     1 |     1 |    13 ||    15
       Potion            |       |       |     1 ||     1
 Stab: Sleeping          |     4 |       |       ||     4
       Distracted        |       |       |     2 ||     2
  Eat: Chunk             |     1 |     1 |       ||     2
       Ration            |       |     1 |     2 ||     3
Armor: Robe              |     7 |       |       ||     7
       Plate armour      |    27 |   116 |   196 ||   339
Dodge: Dodged            |    51 |    49 |    91 ||   191

Table legend:
 A = Non-vault XP
 B = Vault XP
 C = Vault XP percentage of total XP
 D = Non-vault monster count
 E = Vault monster count
 F = Vault count percentage of total count
                 A         B        C        D         E       F
            +---------+---------+-------+---------+---------+-------
      Total |    2326 |     396 |  14.5 |     136 |      14 |   9.3
            +---------+---------+-------+---------+---------+-------
        D:1 |      60 |       0 |   0.0 |      30 |       0 |   0.0
        D:2 |      73 |     220 |  75.1 |      27 |       1 |   3.6
        D:3 |      45 |       0 |   0.0 |      15 |       0 |   0.0
        D:4 |     175 |       0 |   0.0 |       9 |       0 |   0.0
        D:5 |     844 |      28 |   3.2 |      16 |       7 |  30.4
        D:6 |     751 |       0 |   0.0 |      29 |       0 |   0.0
        D:7 |     378 |       0 |   0.0 |      10 |       0 |   0.0
      Sewer |       0 |     148 | 100.0 |       0 |       6 | 100.0
            +---------+---------+-------+---------+---------+-------
